 Dungeon Crawl Stone Soup version 0.30-a0-462-gd5975efbca (webtiles) character file.

Game seed: 6081474491438117277

150 Ijustatesigmund the Firebug (level 5, -2/40 HPs)
             Began as a Hill Orc Fire Elementalist on Dec 16, 2022.
             Slain by Pargi (5 damage)
             ... on level 3 of the Dungeon.
             The game lasted 00:04:00 (2547 turns).

Ijustatesigmund the Firebug (HOFE)                  Turns: 2547, Time: 00:04:01

Health: -2/40      AC:  3    Str: 11    XL:     5   Next: 32%
Magic:  3/7        EV: 12    Int: 17    God:
Gold:   96         SH:  5    Dex: 11    Spells: 4/7 levels left

rFire   . . .      SeeInvis .    q - +2 hand axe (vamp)
rCold   . . .      Faith    .    (no shield)
rNeg    . . .      Spirit   .    a - +0 robe
rPois   .          Reflect  +    p - +0 helmet
rElec   .          Harm     .    (no cloak)
rCorr   .          Rampage  .    (no gloves)
Will    .....                    (no boots)
Stlth   ++........               k - amulet of reflection
HPRegen 0.26/turn                (no ring)
MPRegen 0.10/turn                (no ring)

@: brilliant, about to teleport, flying
A: no striking features
a: no special abilities


You were on level 3 of the Dungeon.
You visited 1 branch of the dungeon, and saw 3 of its levels.

You collected 96 gold pieces.

Inventory:

Hand Weapons
 f - a +0 war axe of flaming
 q - a +2 vampiric hand axe (weapon)
Armour
 a - a +0 robe (worn)
 p - a +0 helmet (worn)
Jewellery
 k - an amulet of reflection (around neck)
Scrolls
 e - a scroll of magic mapping {unknown}
 g - a scroll of enchant weapon
 j - 2 scrolls of fog
 n - a scroll of poison {unknown}
Potions
 b - a potion of magic
 c - a potion of cancellation


   Skills:
 + Level 1.5 Fighting
 + Level 2.8 Axes
 - Level 1.5 Dodging
 - Level 1.5 Stealth
 - Level 1.5 Spellcasting
 + Level 2.9 Conjurations
 + Level 4.5 Fire Magic


You had 4 spell levels left.
You knew the following spells:

 Your Spells              Type           Power      Damage    Failure   Level
a - Foxfire               Conj/Fire      84%        2x1d8     4%          1
b - Scorch                Fire           50%        2d8       4%          2

Your spell library contained the following spells:

 Spells                   Type           Power      Damage    Failure   Level
 Static Discharge         Conj/Air       18%        2-3/arc   17%         2
 Inner Flame              Hex/Fire       13%        N/A       24%         3
 Ignite Poison            Fire/Tmut/Pois 9%         N/A       32%         3
 Kindle Blastsparks       Fire/Tloc/Air  18%        2d11      32%         3
 Flame Wave               Conj/Fire      21%        2d8       41%         4
 Sticky Flame             Conj/Fire      21%        2d4       41%         4
 Call Canine Familiar     Summ           1%         N/A       52%         3
 Portal Projectile        Hex/Tloc       2%         N/A       52%         3
 Vhi's Electric Charge    Tloc/Air       2%         N/A       52%         3
 Leda's Liquefaction      Hex/Erth       0%         N/A       90%         4
 Arcjolt                  Conj/Air       4%         1d14      97%         5
 Lightning Bolt           Conj/Air       4%         1d16      97%         5
 Ignition                 Fire           12%        3d6       100%        8


Dungeon Overview and Level Annotations

Branches:
Dungeon (3/15)

Altars:

Annotations:
D:3 Pargi


Message History

Pargi claws you but does no damage.
You see here an orc corpse.
As you read the scroll labelled ATEINE UPHODECIA, it crumbles to dust.
It is a scroll of enchant weapon.
Your +1 vampiric hand axe glows red for a moment.
Pargi closely misses you. Pargi barely misses you. You block Pargi's attack.
Okay, then.
You completely miss Pargi.
Pargi is lightly wounded.
Pargi bites you.
* * * LOW HITPOINT WARNING * * *
Pargi claws you but does no damage. Pargi claws you.
* * * LOW HITPOINT WARNING * * *
You slash Pargi!
You feel better.
Pargi is moderately wounded.
Pargi bites you.
* * * LOW HITPOINT WARNING * * *
Pargi claws you.
* * * LOW HITPOINT WARNING * * *
Pargi claws you.
* * * LOW HITPOINT WARNING * * *
Okay, then.
As you read the scroll labelled BOYHIE FOTOO, it crumbles to dust.
It is a scroll of brand weapon.
Your +0 war axe is engulfed in flames!
f - a +0 war axe of flaming Pargi barely misses you.
Pargi claws you but does no damage. Pargi claws you.
* * * LOW HITPOINT WARNING * * *
You hit Pargi.
You feel better.
Pargi is moderately wounded.
Pargi closely misses you. Pargi barely misses you.
Pargi claws you but does no damage.
Okay, then.
As you read the scroll labelled AMOYCSA IMARGH, it crumbles to dust.
It is a scroll of identify.
m - a scroll of teleportation Pargi bites you but does no damage.
Pargi barely misses you. x2
As you read the scroll of teleportation, it crumbles to dust.
You feel strangely unstable. Pargi bites you.
You die...

#.......# ##...##.......#
#. ....##.......# ###.
#...##.......# ...#
#...##.......# #..#
#...##.......# ####..
#..§#...)....#
......#####§§........#
#...§§T@§§......(.#
#.).§###§§.....####
#.)....##.§.....#########
#.###..........#........#
#. #.###...............#
.. #.............†.....#
.# ####.................
###.....#........#
##......†......#


You could see Pargi.

Vanquished Creatures
  An orc wizard (D:3)
  8 adders
  4 orcs (D:3)
  6 ball pythons
  6 bats
  3 endoplasms
  A giant cockroach (D:1)
  3 goblins
  5 hobgoblins
  2 quokkas (D:1)
  3 frilled lizards
  2 kobolds (D:1)
  10 rats
  A spectral goblin (D:2)
55 creatures vanquished.

Vanquished Creatures (others)
  179 foxfires
179 creatures vanquished.

Grand Total: 234 creatures vanquished

Notes
Turn   | Place    | Note
-------+----------+-------------------------------------------
     0 | D:1      | Ijustatesigmund the Hill Orc Fire Elementalist began the
                  | quest for the Orb.
     0 | D:1      | Reached XP level 1. HP: 14/14 MP: 3/3
   182 | D:1      | Reached XP level 2. HP: 20/20 MP: 2/4
   372 | D:1      | Learned a level 2 spell: Scorch
   979 | D:1      | Reached skill level 1 in Axes
  1049 | D:1      | Reached XP level 3. HP: 24/26 MP: 1/5
  1401 | D:2      | Found a faded altar of an unknown god.
  1532 | D:2      | Reached skill level 4 in Fire Magic
  1804 | D:2      | Reached XP level 4. HP: 29/33 MP: 6/6
  2254 | D:3      | Reached skill level 1 in Fighting
  2370 | D:3      | Reached XP level 5. HP: 40/40 MP: 3/7
  2512 | D:3      | Noticed Pargi
  2542 | D:3      | HP: 1/40 [Pargi (3)]
  2547 | D:3      | Slain by Pargi

Illustrated notes

Levels and vault maps discovered:
D:1:      scummos_arrival_simple_crosswalls, layout_basic,
          chequers_serial_rivers_large_b
D:2:      layout_basic, dreamdust_ecumenical_altar_drowned_temple,
          hangedman_feature_mirror, corexii_item_surrounded_by_moat
D:3:      layout_rooms, mainiacjoe_overflow_brackets, minmay_goblin_outpost,
          uniq_pargi

Skill      XL: |  1  2  3  4 |
---------------+-------------+-----
Axes           | 1 2 |  2.8
Conjurations   | 2 |  2.9
Fire Magic     | 4 |  4.5
Fighting       | 1 |  1.5
Dodging        | |  1.5
Stealth        | |  1.5
Spellcasting   | |  1.5

Action                   |  1- 3 |  4- 6 || total
-------------------------+-------+-------++-------
Melee: Unarmed           |     3 |       ||     3
       War axe           |    17 |    25 ||    42
       Hand axe          |     5 |    11 ||    16
       Punch             |       |     1 ||     1
 Cast: Foxfire           |    67 |    36 ||   103
       Scorch            |     2 |     1 ||     3
  Use: Scroll            |       |     5 ||     5
       Potion            |       |     4 ||     4
Armor: Robe              |     2 |    21 ||    23
Dodge: Dodged            |    16 |    42 ||    58
Block: Other             |       |    20 ||    20

Table legend: (Time is in decaauts)
 A = Elapsed time spent in this place.
 B = Non-inter-level travel time spent in this place.
 C = Inter-level travel time spent in this place.
 D = Time resting spent in this place.
 E = Time spent auto-exploring this place.
 F = Levels seen in this place.
 G = Mean time per level.
                   A        B        C        D        E       F      G
               +--------+--------+--------+--------+--------+-----+--------+
         Total |   2592 |   2551 |     41 |    192 |   1890 |   3 |  864.0 |
       Dungeon |   2592 |   2551 |     41 |    192 |   1890 |   3 |  864.0 |
               +--------+--------+--------+--------+--------+-----+--------+

Top non-repeatable levels by time:
     D:1: 1280 daAuts
     D:2: 1012 daAuts
     D:3: 300 daAuts
